 Dungeon Crawl Stone Soup version 0.31-a0-1317-gdfb52cbc09 (webtiles) character file.

Game seed: 10227542051688249384

87970 Inarius the Brawler (level 15, -9/136 HPs)
             Began as a Troll Chaos Knight on Dec 17, 2023.
             Was a Plaything of Xom.
             Killed from afar by a fire giant (43 damage)
             ... with a bolt of fire
             ... on level 15 of the Dungeon on Dec 20, 2023.
             The game lasted 00:41:47 (19789 turns).

Inarius the Brawler (Troll Chaos Knight)           Turns: 19789, Time: 00:41:48

Health: -9/136     AC: 13    Str: 28    XL:     15   Next: 45%
Magic:  12/12      EV: 26    Int:  8    God:    Xom [..*...]
Gold:   2564       SH: 10    Dex:  9    Spells: 14/14 levels left

rFire   x .          .
                       - Unarmed
rCold   . . .        E - +1 kite shield
rNeg    . . .        W - +0 troll leather armour
rPois   +            (helmet restricted)
rElec   .            r - +2 cloak {rPois}
rCorr   .            (gloves unavailable)
SInv    .            (boots unavailable)
Will    ++...        O - dreamdust necklace {Acrobat}
Stlth   ++           S - +4 ring of protection
HPRegen 2.02/turn    I - ring of willpower
MPRegen 0.13/turn

%: acrobat
@: acrobatic
A: large, unfitting armour, claws 3, regeneration 1, shaggy fur 1, tough skin 1,
hooves 1, low MP 1, mutation resistance 1, passive freeze, sense surroundings 1,
teleportitis 1, weak 1, heat vulnerability 1
a: Renounce Religion


You were on level 15 of the Dungeon.
You worshipped Xom.
You were a toy of Xom.
You visited 3 branches of the dungeon, and saw 22 of its levels.
You also visited: Sewer.

You collected 3850 gold pieces.
You spent 1286 gold pieces at shops.

Inventory:

Missiles
 v - 6 throwing nets
Armour
 a - a +2 robe
 k - a +0 cloak
 l - a scarf of repulsion
 r - a +2 cloak of poison resistance (worn)
 x - an orb of light
 D - +0 acid dragon scales
 E - a +1 kite shield (worn)
 W - a +0 troll leather armour (worn)
Jewellery
 t - a ring of resist corrosion
 y - a +6 ring of dexterity
 I - a ring of willpower (right claw)
 L - a ring of willpower
 N - a ring of see invisible
 O - the dreamdust necklace (around neck) {Acrobat}
   (You found it on level 4 of the Lair of Beasts)

   [amulet of the acrobat]

   Acrobat:   It increases your evasion while moving and waiting.
 S - a +4 ring of protection (left claw)
Talismans
 f - a granite talisman
 h - a blade talisman
Wands
 A - a wand of charming (10)
 C - a wand of flame (11)
 Q - a wand of digging (1)
 R - a wand of quicksilver (4)
 U - a wand of iceblast (5)
Scrolls
 b - a scroll of butterflies
 d - 4 scrolls of fear
 g - 3 scrolls of noise
 i - 3 scrolls of blinking
 m - 5 scrolls of fog
 p - 3 scrolls of teleportation
 H - a scroll of poison
 J - 2 scrolls of amnesia
 M - 5 scrolls of revelation
 P - a scroll of silence
 V - 3 scrolls of immolation
 X - a scroll of vulnerability
 Y - a scroll of identify
 Z - a scroll of enchant armour
Potions
 c - 3 potions of degeneration
 e - 5 potions of heal wounds
 j - 2 potions of lignification
 n - 8 potions of mutation
 o - 8 potions of enlightenment
 q - 10 potions of curing
 s - 3 potions of might
 u - 2 potions of berserk rage
 w - a potion of attraction
 z - 4 potions of invisibility
 B - 2 potions of brilliance
 G - a potion of magic
 T - a potion of ambrosia
Miscellaneous
 F - a box of beasts (inert)
 K - a lightning rod (4/4)


   Skills:
 + Level 5.7 Fighting
 + Level 5.9 Armour
 + Level 8.8 Dodging
 + Level 4.1 Stealth
 + Level 7.5 Shields
 + Level 18.2 Unarmed Combat
 + Level 7.4 Evocations
 * Level 7.9 Shapeshifting


You had 14 spell levels left.
You didn't know any spells.
Your spell library contained the following spells:

 Spells                   Type           Power      Damage    Failure   Level
 Kiss of Death            Conj/Necr      0%         2d5       63%         1
 Magic Dart               Conj           0%         1d3       63%         1
 Sandblast                Erth           0%         2d4       63%         1
 Blink                    Tloc           0%         N/A       77%         2
 Call Imp                 Summ           0%         N/A       77%         2
 Ensorcelled Hibernation  Hex/Ice        0%         N/A       77%         2
 Lesser Beckoning         Tloc           0%         N/A       77%         2
 Momentum Strike          Conj/Tloc      0%         3d8       77%         2
 Passwall                 Alch/Erth      0%         N/A       77%         2
 Scorch                   Fire           0%         2d5       77%         2
 Sublimation of Blood     Necr           0%         N/A       77%         2
 Frozen Ramparts          Ice            0%         1d1       94%         3
 Fugue of the Fallen      Necr           0%         N/A       94%         3
 Inner Flame              Hex/Fire       0%         N/A       94%         3
 Mephitic Cloud           Conj/Alch/Air  0%         N/A       94%         3
 Ozocubu's Armour         Ice            0%         N/A       94%         3
 Stone Arrow              Conj/Erth      0%         3d7       94%         3
 Swiftness                Air            0%         N/A       94%         3
 Anguish                  Hex/Necr       0%         N/A       100%        4
 Brom's Barrelling Bould  Conj/Erth      0%         2d3       100%        4
 Flame Wave               Conj/Fire      0%         2d4       100%        4
 Leda's Liquefaction      Alch/Erth      0%         N/A       100%        4
 Petrify                  Alch/Erth      0%         N/A       100%        4
 Irradiate                Conj/Alch      0%         3d11      100%        5
 Iskenderun's Battlesphe  Conj           0%         2d6       100%        5
 Metabolic Englaciation   Hex/Ice        0%         N/A       100%        5
 Yara's Violent Unravell  Hex/Alch       0%         3d3       100%        5
 Bombard                  Conj/Erth      0%         9d1       100%        6
 Simulacrum               Ice/Necr       0%         N/A       100%        6
 Summon Cactus Giant      Summ           0%         N/A       100%        6
 Enfeeble                 Hex            0%         N/A       100%        7
 Spellforged Servitor     Conj/Summ      0%         N/A       100%        7
 Summon Hydra             Summ           0%         N/A       100%        7


Dungeon Overview and Level Annotations

Branches:
Dungeon (15/15)            Temple (0/1) D:6            Lair (5/5) D:8
 Shoals (0/4) Lair:2       Spider (0/4) Lair:2        Slime (0/5) Lair:4
    Orc (2/2) D:10            Elf (0/3) Orc:2        Vaults (0/5) D:13
 Depths (0/4) D:15          Sewer (visited)

Altars:
Fedhas
Kikubaaqudgha
Uskayaw
Xom
Zin
Jiyva

Shops:
D:6 *[   D:7 ?[[*?   D:8 =   D:14 [   Orc:1 ?   Orc:2 *(!:

Annotations:
Lair:2 exclusion: 2 oklob plants


Innate Abilities, Weirdness & Mutations

You are too large for most types of armour.
You have claws for hands.
Your natural rate of healing is unusually fast.
You are covered in fur. (AC +1)
You have tough skin. (AC +1)
You have large cloven feet.
Your magical capacity is low. (-10% MP)
You are somewhat resistant to further mutation.
A frigid envelope surrounds you and freezes all who hurt you.
You passively map a small area around you.
You are occasionally teleported next to monsters.
You are weak. (Str -2)
You are vulnerable to heat. (rF-)


Message History

Anything else - Cancel.
You shout for attention!
What are your orders? t - Shout!
Orders for allies: a - Attack new target. r - Retreat! s - Stop attacking. g - Guard the area. f - Follow me.
Anything else - Cancel.
You shout for attention!
What are your orders? t - Shout!
Orders for allies: a - Attack new target. r - Retreat! s - Stop attacking. g - Guard the area. f - Follow me.
Anything else - Cancel.
Okay, then.
Found a staircase to the Depths.
A fire giant comes into view.
It is wielding a +0 great sword of flaming.
The fire giant shouts!
You see here a wand of mindburst (4).
You can't carry that many items.
The fire giant casts a spell at you. The bolt of fire hits you!!!
The fire burns you terribly!
Ouch! That really hurt!
Xom grants you insight.
You detect nothing.
The fire giant casts a spell at you. The bolt of fire hits you!!!
The fire burns you terribly!
* * * LOW HITPOINT WARNING * * *
A shower of butterflies erupts from you!
The fire giant casts a spell at you. The bolt of fire hits your butterfly!
Your butterfly dies!
Your butterfly disappears in a puff of smoke!
The bolt of fire hits your butterfly!!!
Your butterfly dies!
Your butterfly disappears in a puff of smoke!
The bolt of fire hits you!!! The fire burns you terribly!
You die...
Xom is highly amused!

#.<......# *
#.(......####.......
......................
.....................
###.................
,, ,
#......#####.....# * ,
#......#, #.....#
#......# #.b...# ,...
* #..@..# .... ,,
#.b§..####*
,....#+###..§......
................... ,
...........b.......
..........§.§.≈....
......./≈§≈≈C≈≈≈≈.. ,
........≈#≈.§≈≈#≈.. ,
, ####...§§§≈≈.≈≈≈≈§


You could see a fire giant (ally target).

Vanquished Creatures
  Kirke (D:13)
  Nessos (D:14)
  Azrael (Orc:2)
  Josephine (D:11)
  Harold (D:9)
  Erolcha (Orc:2)
  5 hydras
  2 ogre magi (Orc:2)
  13 two-headed ogres
  6 catoblepae
  4 centaur warriors
  3 boulder beetles
  7 death yaks (Lair:5)
  A skyshark (Lair:5)
  A deep elf knight (D:13)
  5 skeletal warriors
  2 deep trolls
  2 orc knights
  A deep elf pyromancer (D:12)
  2 deep elf zephyrmancers (D:13)
  3 orc sorcerers
  7 ugly things
  5 manticores
  7 cyclopes
  2 elephants (Lair:2)
  A merfolk siren (Lair:2)
  2 black mambas
  9 cane toads
  3 gargoyles
  4 centaur skeletons (D:13)
  An efreet (D:13)
  2 kobold demonologists (D:13)
  4 komodo dragons
  5 rime drakes
  A polar bear (Lair:3)
  15 trolls
  A hornet (D:9)
  6 dream sheep (Lair:4)
  14 blink frogs
  3 slime creatures (D:13)
  Sigmund (D:5)
  3 shadows (D:11)
  A spriggan (Lair:3)
  2 culicivoras (Lair:2)
  A vampire (D:12)
  A water elemental (D:11)
  4 wraiths
  6 wyverns
  3 fire elementals (Orc:2)
  7 basilisks
  38 yaks
  4 hogs (D:13)
  2 steam dragons
  3 wargs
  3 redbacks (Lair:2)
  Duvessa (D:6)
  14 water moccasins
  3 acid dragons
  2 hell hounds (Orc:2)
  13 orc warriors
  2 sky beasts
  2 crocodiles (Sewer)
  7 ice beasts
  4 black bears
  12 centaurs
  20 ogres
  23 wolves
  4 phantoms
  5 kobold brigands
  14 bullfrogs
  A gnoll sergeant (D:8)
  A scorpion (D:7)
  4 wights (D:10)
  3 water moccasin zombies (D:5)
  5 killer bees (D:11)
  7 electric eels
  A centaur zombie (D:5)
  A jelly (D:6)
  A gnoll bouda (D:6)
  14 orc priests
  A bullfrog zombie (D:5)
  4 hounds
  3 sleepcaps
  Natasha (twice) (D:4)
  3 iguanas
  12 orc wizards
  3 hell rats (Lair:3)
  A sickly merfolk siren (Sewer)
  A malarious merfolk avatar (Sewer)
  2 hound zombies (D:5)
  A hound skeleton (D:5)
  8 gnolls
  A river rat (Sewer)
  8 adders
  A shadow imp (D:7)
  2 ufetubi (D:6)
  A worm (shapeshifter) (Orc:1)
  2 worms (D:3)
  A dart slug (D:4)
  54 orcs
  5 endoplasms
  6 giant cockroaches
  4 goblins
  7 hobgoblins
  3 jackals (D:1)
  13 kobolds
  3 quokkas
  11 ball pythons
  8 bats
  5 frilled lizards
  14 rats
588 creatures vanquished.

Vanquished Creatures (collateral kills)
  The ghost of phunky83 the Carver, a journeyman HOMo of Qazlal (Orc:1)
  The ghost of Ecaiwiergh the Ripper, a journeyman FeCK of Xom (Orc:1)
  A skeletal warrior (D:11)
  A deep elf pyromancer (D:14)
  An elephant (Lair:2)
  A basilisk (D:14)
  An orc warrior (D:6)
  2 wolves
  An ogre (D:5)
  A centaur (D:14)
  A bullfrog (Lair:3)
  Dowan (D:6)
  3 hounds
  A bullfrog skeleton (D:5)
  An iguana (D:6)
  A hell rat (Lair:3)
  An orc wizard (D:6)
  A howler monkey zombie (D:5)
  2 adders
  A worm (Sewer)
  A giant cockroach (Sewer)
  A jackal (D:6)
26 creatures vanquished.

Vanquished Creatures (others)
  A dancing weapon (D:11)
1 creature vanquished.

Grand Total: 615 creatures vanquished

Notes
Turn   | Place    | Note
-------+----------+-------------------------------------------
     0 | D:1      | Inarius the Troll Chaos Knight began the quest for the Orb.
     0 | D:1      | Reached XP level 1. HP: 22/22 MP: 0/0
   135 | D:1      | Reached XP level 2. HP: 29/29 MP: 1/1
   280 | D:1      | Reached XP level 3. HP: 35/36 MP: 2/2
   439 | D:1      | You fall into a shaft and drop 1 floor!
   641 | D:1      | XOM: silly message
   919 | D:2      | XOM: divination: detect creatures
   971 | D:2      | XOM: 1-stop teleportation journey
  1117 | D:2      | Reached XP level 4. HP: 44/44 MP: 3/3
  1138 | D:2      | XOM: cloud trail
  1485 | D:3      | XOM: cast spell 'Summon Hydra'
  1488 | D:3      | Reached skill level 4 in Unarmed Combat
  1611 | D:3      | XOM: cast spell 'Metabolic Englaciation'
  1619 | D:3      | XOM: cast spell 'Iskenderun's Battlesphere'
  1670 | D:3      | Found an ancient bone altar of Kikubaaqudgha.
  1705 | D:3      | Found a glowing drain.
  1722 | D:3      | Reached skill level 1 in Shapeshifting
  1735 | Sewer    | Entered a sewer
  1795 | Sewer    | Noticed a crocodile
  1797 | Sewer    | XOM: cast spell 'Leda's Liquefaction'
  1799 | Sewer    | XOM: fog
  1814 | Sewer    | XOM is BORED!
  1814 | Sewer    | XOM: polymorph river rat -> worm
  1815 | Sewer    | XOM: summons 4 friendly demons
  1819 | Sewer    | Killed a crocodile
  1820 | Sewer    | Reached XP level 5. HP: 52/52 MP: 4/4
  1836 | Sewer    | XOM: polymorph giant cockroach -> bullfrog
  1839 | Sewer    | Reached skill level 5 in Unarmed Combat
  1839 | Sewer    | Reached XP level 6. HP: 57/59 MP: 5/5
  2222 | D:3      | XOM: 5-stop teleportation journey
  2497 | D:4      | Reached skill level 1 in Stealth
  2604 | D:4      | Identified the +6 hand axe of Ylimoon {drain, Int+3}
  2650 | D:4      | Noticed Natasha
  2655 | D:4      | Killed Natasha
  2656 | D:4      | Reached XP level 7. HP: 66/66 MP: 6/6
  2807 | D:4      | Noticed Natasha
  2810 | D:4      | XOM: silly message
  2811 | D:4      | Killed Natasha
  2812 | D:4      | Reached skill level 6 in Unarmed Combat
  3075 | D:5      | Entered Level 5 of the Dungeon
  3125 | D:5      | XOM: enchant monster (good)
  3138 | D:6      | XOM: summons 7 friendly demons
  3201 | D:5      | XOM: summons friendly ufetubus
  3202 | D:5      | XOM: butterfly on damage
  3218 | D:5      | XOM: cast spell 'Wereblood'
  3220 | D:5      | Reached XP level 8. HP: 60/75 MP: 7/7
  3222 | D:5      | XOM: enchant monster (good)
  3247 | D:5      | Reached skill level 7 in Unarmed Combat
  3273 | D:5      | Noticed Sigmund
  3285 | D:5      | Killed Sigmund
  3464 | D:5      | XOM: 2-stop teleportation journey
  3774 | D:5      | XOM: cloud trail
  3895 | D:5      | XOM: give mutations
  3895 | D:5      | Gained mutation: You are partially covered in iridescent
                  | scales. (AC +2) [Xom's grace]
  3895 | D:5      | Gained mutation: You passively map a small area around you.
                  | [Xom's grace]
  3895 | D:5      | Gained mutation: You have a pair of small antennae on your
                  | head. [Xom's grace]
  3954 | D:5      | XOM: divination: detect creatures
  3970 | D:6      | Reached skill level 8 in Unarmed Combat
  4002 | D:6      | Found Feriryu's Antique Armour Boutique.
  4007 | D:6      | Noticed Duvessa
  4008 | D:6      | Noticed Dowan
  4013 | D:6      | XOM: cast spell 'Summon Cactus Giant'
  4014 | D:6      | Killed Dowan
  4026 | D:6      | Killed Duvessa
  4057 | D:6      | Reached XP level 9. HP: 83/83 MP: 8/8
  4132 | D:6      | XOM: give mutations
  4132 | D:6      | Gained mutation: Your spells are a little harder to cast,
                  | but a little more powerful. [Xom's grace]
  4132 | D:6      | Gained mutation: You are strong-willed. (Will+) [Xom's
                  | grace]
  4132 | D:6      | Gained mutation: You expend magic power (3 MP) to
                  | strengthen your wands. [Xom's grace]
  4169 | D:6      | Found a staircase to the Ecumenical Temple.
  4183 | D:6      | Identified the +0 pair of gloves of Time Monsters {-Tele
                  | Str+4}
  4200 | D:6      | XOM: give mutations
  4200 | D:6      | Lost mutation: You passively map a small area around you.
                  | [Xom's mischief]
  4200 | D:6      | Gained mutation: Your magical capacity is low. (-10% MP)
                  | [Xom's mischief]
  4200 | D:6      | Gained mutation: You have large cloven feet. [Xom's
                  | mischief]
  4205 | D:6      | Reached skill level 9 in Unarmed Combat
  4213 | D:6      | Reached skill level 5 in Dodging
  4255 | D:6      | Identified the staff "Troll's Doom" {rF+ rC+++ Int-3 Fire
                  | Ice}
  4280 | D:6      | Found Magohel's Gadget Gallery.
  4547 | D:7      | Found Sib Hufu's Magic Scroll Shoppe.
  4551 | D:7      | Bought a scroll of identify for 28 gold pieces
  4551 | D:7      | Bought a scroll of identify for 28 gold pieces
  4598 | D:7      | Found Leumeuc's Armour Shoppe.
  4602 | D:7      | Found Coheen's Armour Shoppe.
  4606 | D:7      | Bought a +2 cloak of poison resistance for 296 gold pieces
  4783 | D:7      | Reached skill level 5 in Shapeshifting
  4906 | D:7      | XOM: noise
  4943 | D:7      | Found Zykos's General Store.
  4953 | D:7      | Bought a potion of curing for 39 gold pieces
  5068 | D:7      | Reached skill level 10 in Unarmed Combat
  5082 | D:7      | Found The Oracle's Delphic Readings.
  5086 | D:7      | Bought a scroll of identify for 28 gold pieces
  5141 | D:8      | Found a blossoming altar of Fedhas.
  5159 | D:8      | XOM is BORED!
  5159 | D:8      | XOM: torment (43/84 hp)
  5211 | D:8      | XOM: draining
  5237 | D:8      | Noticed a rime drake
  5241 | D:8      | XOM: butterfly on damage
  5290 | D:8      | Killed a rime drake
  5291 | D:8      | Reached XP level 10. HP: 71/92 MP: 8/8
  5309 | D:8      | XOM: summons 3 hostile demons
  5345 | D:8      | Found a staircase to the Lair.
  5407 | D:8      | XOM: 5-stop teleportation journey
  5450 | D:8      | Reached skill level 11 in Unarmed Combat
  5496 | D:8      | XOM: summons 1 hostile shadow creature
  5503 | D:8      | XOM: give mutations
  5503 | D:8      | Gained mutation: You are dopey. (Int -2) [Xom's mischief]
  5503 | D:8      | Lost mutation: Your spells are a little harder to cast, but
                  | a little more powerful. [Xom's mischief]
  5503 | D:8      | Lost mutation: You have a pair of small antennae on your
                  | head. [Xom's mischief]
  5584 | D:8      | Reached skill level 1 in Armour
  5717 | D:8      | Found Appot's Jewellery Shoppe.
  6347 | D:9      | XOM is BORED!
  6347 | D:9      | XOM: give mutations
  6347 | D:9      | Gained mutation: You are mostly covered in iridescent
                  | scales. (AC +4) [Xom's mischief]
  6347 | D:9      | Lost mutation: You are strong-willed. (Will+) [Xom's
                  | mischief]
  6347 | D:9      | Lost mutation: You are mostly covered in iridescent scales.
                  | (AC +4) [Xom's mischief]
  6347 | D:9      | Lost mutation: You expend magic power (3 MP) to strengthen
                  | your wands. [Xom's mischief]
  6541 | D:9      | XOM: summons 4 hostile demons
  6565 | D:9      | Noticed Harold
  6590 | D:9      | XOM: torment (37/92 hp)
  6597 | D:9      | Killed Harold
  6668 | D:9      | XOM: scenery: 1 doors open, 1 doors close
  6937 | D:9      | Found a glowing silver altar of Zin.
  6939 | D:9      | Found a hide-covered altar of Uskayaw.
  7038 | D:10     | Entered Level 10 of the Dungeon
  7047 | D:10     | XOM: summons 6 hostile demons
  7050 | D:10     | XOM: smoke on damage
  7075 | D:9      | XOM: torment (26/92 hp)
  7136 | D:10     | XOM: summons 2 hostile shadow creatures
  7253 | D:10     | Reached skill level 1 in Shields
  7281 | D:10     | XOM: summons friendly iron imp
  7294 | D:10     | Found a staircase to the Orcish Mines.
  7320 | D:10     | XOM: scenery: 2 doors open, 1 doors close
  7385 | D:10     | XOM: potion effect (heal wounds)
  7489 | D:10     | XOM: silly message
  7526 | D:10     | Reached XP level 11. HP: 81/100 MP: 8/8
  7537 | D:10     | XOM: divination: detect creatures
  7617 | D:10     | XOM: silly message
  7810 | D:10     | XOM: draining
  7854 | D:10     | XOM: god gift: scroll of teleportation
  7932 | D:10     | XOM: scenery: 3 doors close
  8019 | D:10     | XOM: god gift: 38 gold pieces
  8088 | D:9      | XOM: god gift: 26 gold pieces
  8105 | D:8      | XOM: god gift: runed battleaxe {god gift}
  8140 | D:6      | Bought a box of beasts for 520 gold pieces
  8216 | D:9      | XOM: god gift: +2 pair of gloves of dexterity
  8318 | D:11     | XOM: fog
  8320 | D:11     | Reached skill level 12 in Unarmed Combat
  8370 | D:11     | XOM: polymorph killer bee -> ogre
  8593 | D:11     | XOM: blink monster(s)
  8727 | D:11     | Reached skill level 1 in Evocations
  8787 | D:11     | XOM: 8-stop teleportation journey
  9011 | D:11     | Noticed a two-headed ogre
  9022 | D:11     | XOM: chaos upgrade
  9025 | D:11     | Killed a two-headed ogre
  9073 | D:11     | Noticed Josephine
  9083 | D:11     | Killed Josephine
  9265 | Lair:1   | Entered Level 1 of the Lair of Beasts
  9356 | Lair:1   | XOM: summons 2 friendly demons
  9386 | Lair:1   | XOM: cast spell 'Iskenderun's Battlesphere'
  9389 | Lair:1   | Reached skill level 13 in Unarmed Combat
  9692 | Lair:1   | Reached XP level 12. HP: 109/109 MP: 9/9
  9776 | Lair:1   | XOM: silly message
 10260 | Lair:2   | Noticed a catoblepas
 10268 | Lair:2   | Killed a catoblepas
 10272 | Lair:2   | XOM: summons 3 friendly demons
 10328 | Lair:2   | XOM: scenery: 1 doors open
 10354 | Lair:2   | XOM: confusion (+ monsters)
 10507 | Lair:2   | XOM: enchant monster (bad)
 10660 | Lair:2   | XOM: silly message
 10744 | Lair:2   | Found a hole to the Spider Nest.
 10829 | Lair:2   | Found a staircase to the Shoals.
 10903 | Lair:2   | Reached skill level 14 in Unarmed Combat
 11416 | Lair:2   | XOM: divination: detect creatures
 11501 | Lair:3   | Noticed a six-headed hydra
 11534 | Lair:3   | Killed a six-headed hydra
 11676 | Lair:3   | XOM: cast spell 'Monstrous Menagerie'
 11814 | Lair:3   | XOM: give mutations
 11814 | Lair:3   | Lost mutation: You are partially covered in iridescent
                  | scales. (AC +2) [Xom's mischief]
 11814 | Lair:3   | Gained mutation: You are weak. (Str -2) [Xom's mischief]
 11814 | Lair:3   | Lost mutation: You are dopey. (Int -2) [Xom's mischief]
 11814 | Lair:3   | Gained mutation: Your body sometimes deteriorates upon
                  | taking damage. [Xom's mischief]
 11931 | Lair:3   | XOM: chaos cloud
 11942 | Lair:3   | XOM: summons 2 friendly demons
 12281 | Lair:3   | Noticed a seven-headed hydra
 12290 | Lair:3   | Killed a seven-headed hydra
 12291 | Lair:3   | Reached XP level 13. HP: 53/117 MP: 10/10
 12567 | Lair:3   | XOM: give mutation
 12567 | Lair:3   | Lost mutation: Your body sometimes deteriorates upon taking
                  | damage. [Xom's mischief]
 12848 | Lair:4   | XOM: confuse monster(s)
 13062 | Lair:4   | XOM: noise
 13073 | Lair:4   | XOM: torment (60/117 hp)
 13080 | Lair:4   | XOM: summons 7 hostile demons
 13087 | Lair:4   | Reached skill level 5 in Evocations
 13191 | Lair:4   | Found the dreamshard necklace {Acrobat *Dream}
 13318 | Lair:4   | Reached skill level 5 in Fighting
 13371 | Lair:4   | Found a viscous altar of Jiyva.
 13372 | Lair:4   | Found a staircase to the Slime Pits.
 13551 | Lair:4   | Reached skill level 5 in Shields
 13734 | Lair:5   | Entered Level 5 of the Lair of Beasts
 13812 | Lair:5   | Reached skill level 15 in Unarmed Combat
 13887 | Lair:5   | XOM: cast spell 'Iskenderun's Battlesphere'
 13943 | Lair:5   | Upgraded the game from 0.31-a0-1278-g11c5b68f87 to
                  | 0.31-a0-1308-ga3cce3a448
 13995 | Lair:5   | XOM: divination: magic mapping
 14098 | Lair:5   | XOM: cleaving
 14264 | Lair:5   | XOM: potion effect (might)
 14412 | Lair:5   | XOM: divination: detect creatures
 14491 | Lair:5   | XOM: confuse monster(s)
 14511 | Lair:5   | XOM: 10-stop teleportation journey
 14556 | Lair:5   | Reached skill level 5 in Armour
 14675 | Lair:5   | XOM: cleaving
 14701 | Lair:5   | XOM: cast spell 'Cause Fear'
 14713 | Lair:5   | XOM: destruction
 14756 | Lair:5   | XOM: divination: detect creatures
 14838 | Lair:5   | Reached skill level 16 in Unarmed Combat
 14843 | Lair:5   | XOM: cleaving
 14962 | Lair:5   | XOM: god gift: 50 gold pieces
 15242 | Orc:1    | Entered Level 1 of the Orcish Mines
 15285 | Orc:1    | Reached XP level 14. HP: 120/127 MP: 11/11
 15357 | Orc:1    | XOM: 9-stop teleportation journey
 15418 | Orc:2    | Entered Level 2 of the Orcish Mines
 15418 | Orc:2    | Noticed Erolcha
 15491 | Orc:1    | XOM: scenery: create altars
 15495 | Orc:1    | XOM: summons 2 friendly demons
 15586 | Orc:2    | Killed Erolcha
 15604 | Orc:2    | XOM: give mutations
 15604 | Orc:2    | Gained mutation: A frigid envelope surrounds you and
                  | freezes all who hurt you. [Xom's grace]
 15604 | Orc:2    | Gained mutation: You have hoof-like feet. [Xom's grace]
 15604 | Orc:2    | Gained mutation: You passively map a small area around you.
                  | [Xom's grace]
 15620 | Orc:2    | XOM: fog
 15636 | Orc:2    | XOM: summons friendly quasit
 15641 | Orc:2    | XOM: confuse monster(s)
 15643 | Orc:2    | XOM: god gift: +5 sling of flaming
 15684 | Orc:1    | Found Veuco's Magic Scroll Emporium.
 15687 | Orc:1    | XOM: potion effect (haste)
 15778 | Orc:1    | Bought a scroll of identify for 26 gold pieces
 15778 | Orc:1    | Bought a scroll of identify for 26 gold pieces
 15778 | Orc:1    | Bought a scroll of identify for 26 gold pieces
 15778 | Orc:1    | Bought a scroll of revelation for 97 gold pieces
 15781 | Orc:1    | Bought a scroll of identify for 26 gold pieces
 15781 | Orc:1    | Bought a scroll of identify for 26 gold pieces
 15815 | Orc:1    | Found a runed translucent gate.
 15815 | Orc:1    | Found a runed translucent gate.
 15815 | Orc:1    | Found a runed translucent gate.
 15819 | Orc:1    | Noticed phunky83's ghost (journeyman HOMo)
 15819 | Orc:1    | Noticed Ecaiwiergh's ghost (journeyman FeCK)
 15833 | Orc:1    | XOM: summons 2 friendly demons
 15834 | Orc:1    | XOM: polymorph iron imp -> neqoxec
 15836 | Orc:1    | XOM: summons 9 friendly demons
 15841 | Orc:1    | Killed Ecaiwiergh's ghost
 15851 | Orc:1    | Killed phunky83's ghost
 15859 | Orc:1    | Got Nenamuxo's Codex of Stolen Souls
 16034 | Orc:2    | Found a staircase to the Elven Halls.
 16060 | Orc:2    | XOM: god gift: wand of iceblast (4)
 16077 | Orc:2    | XOM: confuse monster(s)
 16151 | Orc:1    | XOM: cast spell 'Alistair's Intoxication'
 16182 | Orc:1    | XOM: god gift: robe {god gift}
 16198 | Orc:2    | XOM: silly message
 16246 | Orc:2    | XOM: silly message
 16279 | Orc:2    | XOM: divination: detect creatures
 16287 | Orc:2    | XOM: scenery: create altars
 16303 | Orc:2    | Found Oseugahu's Assorted Antiques.
 16305 | Orc:2    | XOM: potion effect (haste)
 16313 | Orc:2    | Reached skill level 17 in Unarmed Combat
 16371 | Orc:2    | Found Apho's Distillery.
 16373 | Orc:2    | Found Biuraruag's Book Shoppe.
 16381 | Orc:2    | XOM: scenery: create altars
 16389 | Orc:2    | Bought a potion of resistance for 120 gold pieces
 16392 | Orc:2    | Found Jymm's Weapon Boutique.
 16515 | Orc:2    | Noticed Azrael
 16661 | Orc:2    | XOM: scenery: summon butterflies
 16666 | Orc:2    | Killed Azrael
 16871 | Orc:1    | XOM: polymorph orc warrior -> shapeshifter
 16997 | Orc:2    | Upgraded the game from 0.31-a0-1308-ga3cce3a448 to
                  | 0.31-a0-1317-gdfb52cbc09
 17044 | D:12     | XOM: divination: magic mapping
 17106 | D:12     | Identified the +1 buckler of a Labyrinth {rC+ rN+ Str+5
                  | Dex+3}
 17124 | D:12     | XOM: fog
 17186 | D:11     | XOM: god gift: potion of heal wounds
 17229 | D:12     | Identified the +6 mace "Liunud" {speed, rF- Will- Dex+7}
 17363 | D:12     | Identified the +2 ring mail of Zulysux {rF+}
 17388 | D:12     | XOM: divination: magic mapping
 17561 | D:12     | XOM: god gift: 776 gold pieces
 17935 | D:13     | Noticed Kirke
 17937 | D:13     | XOM: enchant monster (good)
 17954 | D:13     | XOM: potion effect (haste)
 18049 | D:13     | Killed Kirke
 18115 | D:13     | Reached XP level 15. HP: 92/135 MP: 12/12
 18326 | D:13     | XOM: scenery: create altars
 18397 | D:13     | XOM: chaos upgrade
 18424 | D:13     | XOM: give mutations
 18424 | D:13     | Lost mutation: You have hoof-like feet. [Xom's mischief]
 18424 | D:13     | Gained mutation: You are somewhat resistant to further
                  | mutation. [Xom's mischief]
 18424 | D:13     | Gained mutation: You are vulnerable to heat. (rF-) [Xom's
                  | mischief]
 18424 | D:13     | Gained mutation: You are occasionally teleported next to
                  | monsters. [Xom's mischief]
 18431 | D:13     | Found a gate to the Vaults.
 18552 | D:13     | XOM: 1-stop teleportation journey
 18725 | D:13     | XOM: summons 3 hostile shadow creatures
 18893 | D:14     | XOM: blink monster(s)
 18921 | D:14     | XOM: cast spell 'Metabolic Englaciation'
 18935 | D:14     | Reached skill level 18 in Unarmed Combat
 18948 | D:14     | Noticed Nessos
 18966 | D:14     | XOM: 1-stop teleportation journey
 18969 | D:14     | XOM: enchant monster (good)
 18978 | D:14     | Saved by the dreamshard amulet
 19063 | D:14     | XOM: noise
 19075 | D:14     | Killed Nessos
 19388 | D:14     | XOM: summons 4 hostile demons
 19406 | D:14     | XOM: smoke on damage
 19407 | D:14     | XOM: blink monster(s)
 19422 | D:14     | XOM: enchant monster (bad)
 19572 | D:14     | Found Sixiprek's Antique Armour Shoppe.
 19697 | D:15     | Entered Level 15 of the Dungeon
 19703 | D:15     | XOM: confusion (+ monsters)
 19708 | D:14     | XOM: divination: detect items
 19780 | D:15     | Found a staircase to the Depths.
 19781 | D:15     | Noticed a fire giant
 19788 | D:15     | XOM: divination: detect items
 19788 | D:15     | XOM: butterfly on damage
 19789 | D:15     | Killed from afar by a fire giant

Illustrated notes

Levels and vault maps discovered:
D:1:      lemuel_arrival_room, layout_basic, serial_forest,
          infiniplex_forest_lined_ring, infiniplex_forest_lined_1,
          infiniplex_forest_lined_2, infiniplex_forest_end_3,
          infiniplex_forest_zigzag_1, infiniplex_forest_end_2
D:2:      layout_basic, serial_forest, infiniplex_forest_zigzag_1,
          infiniplex_forest_clump_tiny, infiniplex_forest_clump_cross,
          infiniplex_forest_clump_small, infiniplex_forest_zigzag_1,
          infiniplex_forest_lined_1, infiniplex_forest_end_1
D:3:      layout_loops_ring, mainiacjoe_overflow_boulevard,
          portal_sewer_entry_b, chequers_serial_rivers_micro_c, minmay_bisected
D:4:      layout_cave_pools, serial_rivers, chequers_serial_rivers_large_a,
          chequers_serial_rivers_small_b, chequers_serial_rivers_small_b,
          chequers_serial_rivers_room_a, chequers_serial_rivers_micro_d,
          chequers_serial_rivers_micro_b, uniq_natasha
D:5:      layout_cave_pods, serial_undead, serial_undead_d, serial_undead_c,
          serial_undead_a, serial_undead_c, serial_undead_d,
          minmay_fractal_squares_5, uniq_sigmund
D:6:      layout_gridville, temple_green, serial_shops, nicolae_take_the_stairs,
          nicolae_shop_gadgets, uniq_duvessa
D:7:      layout_cave_pools, serial_shops, shop, shop, shop,
          nicolae_shop_crystal, nicolae_nh_oracle_at_delphi
D:8:      layout_loops_ring, fedhas_altar_1, hellmonk_lair_entry_icy,
          serial_shops, shop, serial_park_tiny_pond, minivault_10,
          minmay_gold_behind_fungi, kennysheep_generic_room_15
D:9:      layout_irregular_city, nicolae_overflow_hidden_temple, uniq_harold
D:10:     layout_stronghold, minmay_orc_entry_guard_dogs, item_on_display_a
D:11:     layout_loops_cross, kennysheep_crisscross, disabler_island,
          uniq_josephine
D:12:     layout_rooms
D:13:     cheibrodos_quadrivalence, layout_loops_ring,
          hangedman_vaults_entry_quadrant_bands, uniq_kirke
D:14:     layout_loops_ring, serial_shops, nicolae_shop_tiny_glass,
          grunt_decor_one_mirror, uniq_nessos
D:15:     grunt_enter_depths_giant_problem, layout_irregular_city
Lair:1:   layout_cave_pods, gauntlet_entry_generic
Lair:2:   minmay_lair_oklob_chamber, layout_regular_city,
          elwin_shoals_entry_rooms, nicolae_spider_entry_tight_spaces,
          serial_rivers, chequers_serial_rivers_large_b,
          chequers_serial_rivers_micro_a, chequers_serial_rivers_micro_a,
          chequers_serial_rivers_micro_c, chequers_serial_rivers_micro_e,
          chequers_serial_rivers_small_3
Lair:3:   layout_cave_pods, st_stairs_10, serial_bayou_pond_d,
          grunt_forest_stairs_clearing, lemuel_fruit_tree, serial_bayou_shore_a
Lair:4:   layout_cellular_growth, dpeg_slime_entry_corner, serial_bayou_lake_a
Lair:5:   evilmike_catoblepas_cave, layout_hall_layers, columned_hall_lemuel
Orc:1:    layout_caves, serial_shops, shop, gammafunk_ghost_cemetery
Orc:2:    st_orc_open, layout_diamond_mine, uniq_erolcha, uniq_azrael

Skill      XL: |  1  2  3  4  5  6  7  8  9 10 11 12 13 14 15 |
---------------+----------------------------------------------+-----
Dodging        | 2 3 4 5 6 7 8 |  8.8
Unarmed Combat | 4 5 6 8 10 11 13 14 16 17 18 | 18.2
Shapeshifting  | 1 2 3 4 5 6 7 |  7.9
Stealth        | 1 2 3 4 |  4.1
Fighting       | 3 4 5 |  5.7
Armour         | 2 3 4 5 |  5.9
Shields        | 1 2 4 5 7 |  7.5
Evocations     | 2 4 6 7 |  7.4

Action                     |  1- 3 |  4- 6 |  7- 9 | 10-12 | 13-15 || total
---------------------------+-------+-------+-------+-------+-------++-------
  Melee: Unarmed           |   116 |   131 |   245 |   660 |   761 ||  1913
         Punch             |     1 |     4 |    13 |     3 |     1 ||    22
         Kick              |       |       |    21 |   214 |   265 ||   500
  Evoke: Wand              |       |       |       |     9 |     9 ||    18
         Box of beasts     |       |       |       |     3 |     1 ||     4
         Lightning rod     |       |       |       |     1 |     3 ||     4
    Use: Scroll            |       |       |     6 |    13 |     9 ||    28
         Potion            |       |       |       |     1 |     3 ||     4
   Stab: Sleeping          |       |     2 |     2 |     4 |     5 ||    13
         Distracted        |       |       |     2 |     4 |     1 ||     7
         Petrified         |       |       |       |       |     5 ||     5
         Confused          |       |       |       |       |     3 ||     3
         Paralysed         |       |       |       |       |     2 ||     2
 Armour: Robe              |    56 |    56 |   229 |     7 |       ||   348
         Acid dragon scale |       |       |       |   436 |   211 ||   647
         Skin              |       |       |       |    26 |       ||    26
         Troll leather arm |       |       |       |       |   260 ||   260
  Dodge: Dodged            |    51 |    60 |   142 |   261 |   294 ||   808
  Block: Kite shield       |       |       |       |   305 |   308 ||   613
         Form:             |     1 |       |       |     2 |     4 ||     7
         Statue            |     1 |       |       |     1 |     1 ||     3
         Blade             |       |       |       |     2 |     3 ||     5

Table legend: (Time is in decaauts)
 A = Elapsed time spent in this place.
 B = Non-inter-level travel time spent in this place.
 C = Inter-level travel time spent in this place.
 D = Time resting spent in this place.
 E = Time spent auto-exploring this place.
 F = Levels seen in this place.
 G = Mean time per level.
                   A        B        C        D        E       F      G
               +--------+--------+--------+--------+--------+-----+--------+
         Total |  19530 |  18221 |   1309 |   1361 |  11581 |  23 |  849.1 |
       Dungeon |  11657 |  10630 |   1027 |    849 |   6933 |  15 |  777.1 |
          Lair |   5807 |   5596 |    211 |    251 |   3703 |   5 | 1161.4 |
  Orcish Mines |   1690 |   1620 |     70 |    261 |    797 |   2 |  845.0 |
         Sewer |    375 |    375 |      0 |      0 |    148 |   1 |  375.0 |
               +--------+--------+--------+--------+--------+-----+--------+

Top non-repeatable levels by time:
  Lair:5: 1331 daAuts
  Lair:2: 1200 daAuts
  Lair:3: 1190 daAuts
    D:11: 1160 daAuts
     D:8: 1115 daAuts
    D:13: 1093 daAuts
  Lair:4: 1089 daAuts
     D:9: 1069 daAuts
  Lair:1: 994 daAuts
    D:10: 922 daAuts
     D:5: 860 daAuts
    D:14: 856 daAuts
   Orc:2: 846 daAuts
   Orc:1: 843 daAuts
     D:1: 799 daAuts
